 Seeded DCSS version 0.29.1-15-g9cfb28693d (webtiles) character file.

Game seed: 15822848163574757677 (custom seed)

4063 kingofthe the Thaumaturge (level 10, 0/50 HPs)
             Began as a Deep Elf Conjurer on Mar 9, 2023.
             Was a Believer of Sif Muna.
             Succumbed to a hornet's poison
             ... on level 9 of the Dungeon on Mar 10, 2023.
             The game lasted 00:31:04 (10464 turns).

kingofthe the Thaumaturge (Deep Elf Conjurer)      Turns: 10464, Time: 00:31:04

Health: 0/50       AC:  8    Str:  4    XL:     10   Next: 5%
Magic:  12/33      EV: 19    Int: 26    God:    Sif Muna [**....]
Gold:   90         SH:  0    Dex: 15    Spells: 8/26 levels left

rFire   + . .      SeeInvis .   a - staff of fire {!a}
rCold   . . .      Faith    .   (no shield)
rNeg    . . .      Spirit   .   I - +0 steam dragon scales
rPois   .          Reflect  .   B - +0 helmet
rElec   .          Harm     .   (no cloak)
rCorr   .          Rampage  .   h - +0 pair of gloves
Will    +....                   z - +0 pair of boots
Stlth   ++++......              (no amulet)
HPRegen 0.16/turn               M - ring of magical power
MPRegen 0.23/turn               E - +4 ring of evasion

@: lethally poisoned (0 -> -11), on blink cooldown
A: no striking features
a: Renounce Religion, Channel Magic


You were on level 9 of the Dungeon.
You worshipped Sif Muna.
Sif Muna was pleased with you.
You visited 2 branches of the dungeon, and saw 10 of its levels.

You collected 613 gold pieces.
You spent 523 gold pieces at shops.


   Skills:
 * Level 6.3 Dodging
 + Level 7.3 Stealth
 * Level 3.4 Shields
 * Level 8.7 Spellcasting
 * Level 8.2 Conjurations
 + Level 8.1 Hexes
 * Level 4.5 Fire Magic
 * Level 0.7 Invocations


You had 8 spell levels left.
You knew the following spells:

 Your Spells              Type           Power      Damage    Failure   Level
a - Magic Dart            Conj           100%       1d8       1%          1
b - Searing Ray           Conj           100%       2d8       1%          2
c - Foxfire               Conj/Fire      100%       2x1d9     1%          1
d - Fulminant Prism       Conj/Hex       26%        3d14      1%          4
e - Mephitic Cloud        Conj/Pois/Air  25%        N/A       4%          3
f - Stone Arrow           Conj/Erth      64%        3d11      2%          3
z - Sublimation of Blood  Necr           11%        N/A       8%          2
B - Blink                 Tloc           22%        N/A       8%          2

Your spell library contained the following spells:

 Spells                   Type           Power      Damage    Failure   Level
 Conjure Flame            Conj/Fire      61%        6-21      1%          3
 Dazzling Flash           Conj/Hex       100%       N/A       1%          3
 Inner Flame              Hex/Fire       61%        N/A       1%          3
 Portal Projectile        Hex/Tloc       64%        N/A       3%          3
 Flame Wave               Conj/Fire      61%        2d14      3%          4
 Wereblood                Tmut           11%        N/A       8%          2
 Ignite Poison            Fire/Tmut/Pois 28%        N/A       9%          3
 Iskenderun's Mystic Bla  Conj/Tloc      32%        2d8       10%         4
 Leda's Liquefaction      Hex/Erth       16%        N/A       10%         4
 Call Canine Familiar     Summ           11%        N/A       16%         3
 Freezing Cloud           Conj/Ice/Air   12%        6-21      43%         5
 Animate Armour           Summ/Erth      22%        N/A       45%         4
 Manifold Assault         Tloc           11%        N/A       82%         5
 Storm Form               Tmut/Air       5%         N/A       100%        7
 Summon Hydra             Summ           5%         N/A       100%        7
 Lehudib's Crystal Spear  Conj/Erth      16%        10d5      100%        8

Inventory:

Hand Weapons
 F - a +4 whip of venom
 G - a +3 spear of flaming
Missiles
 q - a throwing net {=f}
Armour
 h - a +0 pair of gloves (worn)
 i - the +1 ring mail "Vuekuas" {Will+ Str+3}
   (You found it on level 2 of the Dungeon)

   Str:       It affects your strength (+3).
   Will:      It increases your willpower.
 k - a +0 robe
 u - the +3 scale mail of the Viny Hot Ocelot {rElec rPois Stlth+}
   (You found it on level 3 of the Dungeon)

   rElec:     It insulates you from electricity.
   rPois:     It protects you from poison.
   Stlth:     It makes you more stealthy.
 y - the +2 buckler of the Wasteland {+Inv Dex+2 Stlth-}
   (You found it on level 4 of the Dungeon)

   Dex:       It affects your dexterity (+2).
   +Inv:      It lets you turn invisible.
   Stlth:     It makes you less stealthy.
 z - a +0 pair of boots (worn)
 B - a +0 helmet (worn)
 I - +0 steam dragon scales (worn)
Magical Staves
 a - a staff of fire (weapon) {!a}
 b - a staff of conjuration {!a}
 c - a staff of cold {!a}
Jewellery
 E - a +4 ring of evasion (right hand)
 M - a ring of magical power (left hand)
 Z - a ring of wizardry
Wands
 v - a wand of quicksilver (15)
 L - a wand of mindburst (14)
Scrolls
 f - 2 scrolls of vulnerability
 g - 2 scrolls of brand weapon {unknown}
 j - a scroll of teleportation {@r2}
 l - 3 scrolls of amnesia {unknown}
 p - a scroll of identify {@r1}
 x - 2 scrolls of noise {unknown}
 C - 2 scrolls of blinking {unknown}
 D - a scroll of poison {unknown}
 K - a scroll of enchant weapon {unknown}
 O - a scroll of magic mapping
Potions
 d - 6 potions of haste {@q3}
 e - a potion of experience {unknown}
 m - 2 potions of ambrosia
 n - a potion of magic
 o - a potion of resistance {unknown}
 r - 2 potions of mutation
 s - a potion of flight
 t - 2 potions of degeneration {unknown}
 w - 2 potions of curing {@q1}
 A - a potion of lignification {unknown}
 H - a potion of brilliance {unknown}
 J - 2 potions of heal wounds {@q2}
 N - a potion of attraction {unknown}

Dungeon Overview and Level Annotations

Branches:
Dungeon (9/15)             Temple (1/1) D:7
   Lair: D:8-11         Orc: D:9-12

Altars:
Ashenzari
Cheibriados
Dithmenos
Elyvilon
Fedhas
Hepliaklqana
Kikubaaqudgha
Makhleb
Nemelex Xobeh
Okawaru
Qazlal
Sif Muna
Trog
Uskayaw
Vehumet
Wu Jian
Xom
Zin
The Shining One

Shops:
D:5 ( D:6

:**
#..#
#..#
#oy#
#<.#
#.ยง#
#..#
#..#
#o.#
#<.#
#..#
#..#
#..#
#..#
#..#
#..#
#..#
#@.#
#..#
#..#
#..#
#..#
#..#
#..#
#..#
#..#


You could see a hornet and an orc.


Message History

Press: ? - help, Shift-Dir - straight line, f - hornet
Aim: a hornet (wisps of flame, heavily wounded, 74% to hit)
The searing ray hits the hornet!
The hornet is almost dead. (Press . to maintain the ray.)
You feel yourself speed up.
You feel sick. The hornet stings you.
You are more poisoned.
You feel yourself slow down. The hornet barely misses you.
The orc hits you but does no damage.
The searing ray hits the hornet.
The hornet is almost dead.
You feel yourself speed up.
You feel very sick. The hornet completely misses you. The hornet misses you.
The orc barely misses you. The orc closely misses you. The hornet stings you!
* * * LOW HITPOINT WARNING * * *
You suddenly lose the ability to move!
You can move again.
You feel stable enough to blink again.
You feel very sick. The hornet stings you!
* * * LOW HITPOINT WARNING * * *
You feel yourself slow down. The orc hits you but does no damage.
Casting: Searing Ray (safe; 1% risk of failure)
Confirm with . or Enter, or press ? or * to list all spells.
You blink.
You feel yourself speed up.
You die...

Skill      XL: |  1  2  3  4  5  6  7  8  9 |
---------------+----------------------------+-----
Dodging        | 3 4 6 |  6.3
Spellcasting   | 4 5 6 7 8 |  8.7
Stealth        | 3 4 5 6 7 |  7.3
Conjurations   | 5 6 7 8 |  8.2
Hexes          | 2 3 4 6 7 8 |  8.1
Fire Magic     | 2 4 |  4.5
Shields        | 2 3 |  3.4
Invocations    | |  0.7

Action                   |  1- 3 |  4- 6 |  7- 9 | 10-12 || total
-------------------------+-------+-------+-------+-------++-------
Melee: Staff             |       |       |       |     1 ||     1
 Cast: Magic Dart        |    76 |    48 |    18 |       ||   142
       Searing Ray       |     2 |     9 |     2 |     1 ||    14
       Foxfire           |       |    30 |   314 |    23 ||   367
       Fulminant Prism   |       |       |     8 |     2 ||    10
       Blink             |       |       |       |     2 ||     2
  Use: Scroll            |       |       |     8 |       ||     8
Armor: Robe              |       |     2 |     4 |       ||     6
       Steam dragon scal |       |       |     5 |     8 ||    13
Dodge: Dodged            |     2 |    12 |    54 |    16 ||    84

Levels and vault maps discovered:
D:1:      heliophobic_arrival_enchanted_forest, layout_loops_ring,
          minmay_misc_feat_enclosed, minmay_tromino_v4_a
D:2:      kennysheep_big_flooded_room, layout_rooms, kennysheep_generic_room_13
D:3:      layout_loops_corners, zin_statuary, mainiacjoe_overflow_boulevard,
          mainiacjoe_overflow_six_doors_small, guppyfry_early_lair_pool,
          uniq_jessica
D:4:      layout_rooms, uniq_duvessa
D:5:      layout_cave_pools, tso_altar, nicolae_overflow_two_pavilions,
          mainiacjoe_overflow_alcove_4, serial_shops, shop,
          minmay_splitting_lines
D:6:      layout_layer_cave, serial_shops, nicolae_shop_hallway_stairs,
          nicolae_wooded_promenade, moated_statue, corexii_shack,
          minmay_pentangle, uniq_menkaure, uniq_prince_ribbit1
D:7:      layout_rooms, nemelex_dance_club_becter, mainiacjoe_overflow_alcove_2,
          minmay_temple_entry_nine_rooms
D:8:      layout_gridville, mainiacjoe_overflow_catwalk,
          nicolae_kikubaaqudgha_miasma_corner, uniq_grum
D:9:      layout_long_grid, yredelemnul_altar_generic, dpeg_oklobed_lair,
          minmay_fire_ice_demons, uniq_amaemon, uniq_joseph, uniq_harold,
          uniq_pikel
Temple:   nicolae_temple_bog_church

Notes
Turn   | Place    | Note
-------+----------+-------------------------------------------
     0 | D:1      | kingofthe the Deep Elf Conjurer began the quest for the
                  | Orb.
     0 | D:1      | Reached XP level 1. HP: 10/10 MP: 6/6
   323 | D:1      | Reached XP level 2. HP: 11/15 MP: 2/8
   326 | D:1      | Learned a level 2 spell: Searing Ray
   585 | D:1      | Reached skill level 3 in Dodging
   865 | D:1      | Reached XP level 3. HP: 19/19 MP: 8/10
  1452 | D:2      | Identified the +1 ring mail "Vuekuas" {Will+ Str+3}
  1562 | D:2      | You fall into a shaft and drop 2 floors!
  1599 | D:4      | Noticed a scorpion
  1622 | D:4      | Reached skill level 4 in Spellcasting
  1644 | D:4      | Killed a scorpion
  1645 | D:4      | Reached skill level 3 in Stealth
  1645 | D:4      | Reached skill level 5 in Conjurations
  1645 | D:4      | Reached XP level 4. HP: 24/24 MP: 6/12
  1650 | D:4      | Learned a level 4 spell: Fulminant Prism
  1791 | D:4      | Noticed a phantom
  1802 | D:4      | Killed a phantom
  1803 | D:4      | Reached skill level 2 in Hexes
  1803 | D:4      | Reached XP level 5. HP: 28/28 MP: 4/14
  1909 | D:4      | Reached skill level 4 in Stealth
  1941 | D:4      | Noticed a phantom
  1951 | D:4      | Killed a phantom
  1952 | D:4      | Reached skill level 5 in Spellcasting
  1952 | D:4      | Reached skill level 3 in Hexes
  1952 | D:4      | Reached XP level 6. HP: 32/32 MP: 4/15
  2194 | D:3      | Noticed Jessica
  2333 | D:2      | Learned a level 1 spell: Foxfire
  2583 | D:3      | Found a shimmering blue altar of Sif Muna.
  2607 | D:3      | Became a worshipper of Sif Muna the Loreminder
  2673 | D:3      | Found a glowing silver altar of Zin.
  3115 | D:3      | Identified the +3 scale mail of the Viny Hot Ocelot {rElec
                  | rPois Stlth+}
  3127 | D:3      | Found a bloodstained altar of Trog.
  3166 | D:3      | Killed Jessica
  3167 | D:3      | Reached skill level 4 in Hexes
  3767 | D:4      | Reached XP level 7. HP: 36/36 MP: 13/17
  3881 | D:4      | Reached skill level 6 in Conjurations
  3884 | D:4      | Identified the +2 buckler of the Wasteland {+Inv Dex+2
                  | Stlth-}
  4031 | D:4      | Noticed Dowan
  4031 | D:4      | Noticed Duvessa
  4333 | D:4      | Killed Duvessa
  4334 | D:4      | Reached skill level 5 in Stealth
  4334 | D:4      | Reached skill level 5 in Hexes
  4336 | D:4      | Killed Dowan
  4426 | D:5      | Entered Level 5 of the Dungeon
  4431 | D:5      | Reached skill level 6 in Spellcasting
  4470 | D:5      | Reached skill level 6 in Hexes
  4765 | D:5      | Reached XP level 8. HP: 41/41 MP: 19/19
  5063 | D:5      | Found a shadowy altar of Dithmenos.
  5135 | D:5      | Reached skill level 6 in Stealth
  5223 | D:5      | Found Uheizinn's Antique Weapon Emporium.
  5234 | D:5      | Learned a level 2 spell: Sublimation of Blood
  5238 | D:5      | Learned a level 3 spell: Mephitic Cloud
  5266 | D:5      | Found a glowing golden altar of the Shining One.
  5312 | D:5      | Found a hide-covered altar of Uskayaw.
  5312 | D:5      | Found a hazy altar of Hepliaklqana.
  5488 | D:6      | Found Rah Hec's Book Emporium.
  5518 | D:6      | Reached skill level 7 in Hexes
  5566 | D:6      | Noticed Menkaure
  5572 | D:6      | Killed Menkaure
  5573 | D:6      | Reached skill level 4 in Dodging
  5573 | D:6      | Reached skill level 1 in Fire Magic
  5706 | D:6      | Reached skill level 1 in Shields
  6064 | D:6      | Reached * piety under Sif Muna
  6065 | D:6      | Reached skill level 7 in Spellcasting
  6065 | D:6      | Reached skill level 7 in Conjurations
  6073 | D:6      | Reached skill level 2 in Fire Magic
  6431 | D:6      | Bought an Inescapable Atlas for 374 gold pieces
  6434 | D:6      | Learned a level 2 spell: Blink
  6660 | D:6      | Noticed Prince Ribbit
  6668 | D:6      | Killed Prince Ribbit
  6810 | D:6      | Found Deiwk's Assorted Antiques.
  6812 | D:6      | Found Hoerapih's General Store.
  7218 | D:7      | Found a sparkling altar of Nemelex Xobeh.
  7226 | D:7      | Reached skill level 2 in Shields
  7226 | D:7      | Reached XP level 9. HP: 45/45 MP: 22/22
  7346 | D:7      | Reached skill level 5 in Dodging
  7346 | D:7      | Reached skill level 3 in Fire Magic
  7635 | D:7      | Found an ornate altar of the Wu Jian Council.
  7905 | D:7      | Reached skill level 8 in Spellcasting
  8001 | D:7      | Found a staircase to the Ecumenical Temple.
  8011 | Temple   | Entered the Ecumenical Temple
  8338 | D:7      | Reached ** piety under Sif Muna
  8458 | D:7      | Learned a level 3 spell: Stone Arrow
  8685 | D:8      | Reached skill level 7 in Stealth
  8685 | D:8      | Reached skill level 4 in Fire Magic
  8728 | D:8      | Found an ancient bone altar of Kikubaaqudgha.
  8740 | D:8      | Noticed Grum
  8746 | D:8      | Reached skill level 3 in Shields
  8746 | D:8      | Reached skill level 8 in Conjurations
  8840 | D:8      | Reached skill level 6 in Dodging
  8844 | D:8      | Reached skill level 8 in Hexes
  8952 | D:8      | Killed Grum
  9146 | D:8      | Found a blossoming altar of Fedhas.
  9201 | D:8      | Reached XP level 10. HP: 50/50 MP: 18/24
  9594 | D:8      | Found an ancient bone altar of Kikubaaqudgha.
  9771 | D:8      | Found a blossoming altar of Fedhas.
 10163 | D:6      | Bought a potion of heal wounds for 50 gold pieces
 10163 | D:6      | Bought a scroll of magic mapping for 75 gold pieces
 10187 | D:6      | Bought a scroll labelled LADOEF WASIU for 24 gold pieces
 10462 | D:9      | Paralysed by a hornet for 1 turns
 10463 | D:9      | HP: 3/50 [hornet (12)]
 10464 | D:9      | Succumbed to a hornet's poison

Vanquished Creatures
  A hornet (D:8)
  Prince Ribbit (D:6)
  Grum (D:8)
  Menkaure (D:6)
  2 steam dragons (D:7)
  Duvessa (D:4)
  3 water moccasins
  2 orc warriors
  2 sky beasts (D:7)
  An ice beast (D:6)
  A black bear (D:7)
  2 wolves (D:8)
  4 ogres
  2 phantoms (D:4)
  A necrophage (D:5)
  2 bullfrogs
  A gnoll sergeant (D:7)
  7 scorpions
  Dowan (D:4)
  3 killer bees (D:7)
  3 howler monkeys
  2 hounds (D:5)
  A jelly (D:6)
  A gnoll bouda (D:8)
  An orc priest (D:7)
  Jessica (D:3)
  An orc wizard (D:8)
  3 iguanas
  11 gnolls
  4 adders
  A shadow imp (D:8)
  2 white imps
  An ufetubus (D:7)
  2 worms (D:2)
  3 dart slugs
  21 orcs
  9 endoplasms
  A giant cockroach (D:1)
  9 goblins
  5 hobgoblins
  4 jackals (D:3)
  4 quokkas
  10 ball pythons
  3 bats
  4 frilled lizards (D:1)
  10 kobolds
  2 rats
  A foxfire (D:8)
159 creatures vanquished.

Vanquished Creatures (others)
  626 foxfires
  10 fulminant prisms
636 creatures vanquished.

Grand Total: 795 creatures vanquished

Table legend: (Time is in decaauts)
 A = Elapsed time spent in this place.
 B = Non-inter-level travel time spent in this place.
 C = Inter-level travel time spent in this place.
 D = Time resting spent in this place.
 E = Time spent auto-exploring this place.
 F = Levels seen in this place.
 G = Mean time per level.
                   A        B        C        D        E       F      G
               +--------+--------+--------+--------+--------+-----+--------+
         Total |  10477 |   9633 |    844 |    287 |   7721 |  10 | 1047.7 |
       Dungeon |  10289 |   9468 |    821 |    287 |   7564 |   9 | 1143.2 |
        Temple |    188 |    165 |     23 |      0 |    156 |   1 |  188.0 |
               +--------+--------+--------+--------+--------+-----+--------+

Top non-repeatable levels by time:
     D:8: 1779 daAuts
     D:6: 1728 daAuts
     D:3: 1322 daAuts
     D:4: 1253 daAuts
     D:7: 1239 daAuts
     D:1: 1125 daAuts
     D:5: 1061 daAuts
     D:2: 727 daAuts
  Temple: 188 daAuts
     D:9: 51 daAuts

Table legend:
 A = Non-vault XP
 B = Vault XP
 C = Vault XP percentage of total XP
 D = Non-vault monster count
 E = Vault monster count
 F = Vault count percentage of total count
                 A         B        C        D         E       F
            +---------+---------+-------+---------+---------+-------
      Total |    4145 |    1660 |  28.6 |     134 |      24 |  15.2
            +---------+---------+-------+---------+---------+-------
        D:1 |      42 |       6 |  12.5 |      26 |       4 |  13.3
        D:2 |      34 |       7 |  17.1 |      10 |       3 |  23.1
        D:3 |      36 |      37 |  50.7 |      15 |       1 |   6.2
        D:4 |     691 |     213 |  23.6 |      19 |       2 |   9.5
        D:5 |     603 |       0 |   0.0 |      18 |       0 |   0.0
        D:6 |     155 |     836 |  84.4 |       3 |       9 |  75.0
        D:7 |    1362 |     123 |   8.3 |      23 |       2 |   8.0
        D:8 |    1082 |     438 |  28.8 |      18 |       3 |  14.3
        D:9 |     140 |       0 |   0.0 |       2 |       0 |   0.0
            +---------+---------+-------+---------+---------+-------
